 Dungeon Crawl Stone Soup version 0.18-b1-18-g7758cf2 (webtiles) character file.

47413 Ratboiler the End of an Era (level 14, -6/113 HPs)
             Began as a Hill Orc Venom Mage on May 2, 2016.
             Was the Champion of Qazlal.
             Mangled by a komodo dragon (21 damage)
             ... on level 8 of the Lair of Beasts.
             The game lasted 00:58:10 (22303 turns).

Ratboiler the End of an Era (Hill Orc Venom Mage)  Turns: 22303, Time: 00:58:11

Health: -6/113     AC: 17    Str: 16    XL:     14   Next: 41%
Magic:  26/26      EV: 10    Int: 15    God:    Qazlal [******]
Gold:   1207       SH: 23    Dex: 17    Spells: 2 memorised, 13 levels left

rFire  + . .     SeeInvis .     a - +0 war axe (flame)
rCold  + . .     Gourm    .     I - +1 scale mail {rPois}
rNeg   . . .     Faith    .     E - +2 shield of Resistance {rF+ rC+ MR+}
rPois  +         Spirit   .     m - +1 helmet
rElec  .         Dismiss  .     H - +0 cloak
rCorr  .         Reflect  .     O - +0 pair of gloves of Valiance {Dex+2}
SustAt .         Harm     .     V - +1 pair of boots {Stlth+}
MR     +++..                    (no amulet)
Stlth  +.........               D - ring of protection from magic
                                k - +4 ring of strength

@: repel missiles, extremely resistant to hostile enchantments, very unstealthy
A: no striking features
a: Upheaval, Elemental Force, Disaster Area, Renounce Religion


You were on level 8 of the Lair of Beasts.
You worshipped Qazlal.
Qazlal was exalted by your worship.
You were not hungry.

You visited 2 branches of the dungeon, and saw 19 of its levels.
You also visited: Labyrinth and Ice Cave.

You collected 1207 gold pieces.

Inventory:

Hand Weapons
 a - a +0 war axe of flaming (weapon)
 f - a cursed +0 blowgun
 o - a +0 executioner's axe
 Z - a +1 war axe of chopping
Missiles
 e - 10 tomahawks (quivered)
 J - 128 poisoned needles
 K - 2 throwing nets
Armour
 m - a +1 helmet (worn)
 E - the +2 shield of Resistance (worn) {rF+ rC+ MR+}
   (You found it on level 4 of the Dungeon)

   It protects you from fire.
   It protects you from cold.
   It affects your resistance to hostile enchantments.
 H - a +0 cloak (worn)
 I - a +1 scale mail of poison resistance (worn)
 O - the +0 pair of gloves of Valiance (worn) {Dex+2}
   (You found it on level 7 of the Dungeon)

   It affects your dexterity (+2).
 V - a +1 pair of boots of stealth (worn)
Jewellery
 k - a +4 ring of strength (left hand)
 B - an uncursed ring of see invisible
 D - a ring of protection from magic (right hand)
 X - an uncursed ring of protection from fire
Wands
 x - a wand of iceblast (7/15)
 A - a wand of disintegration (1/24)
 C - a wand of confusion (26/48)
 P - a wand of iceblast (8/15)
Scrolls
 b - a scroll of fear
 j - 2 scrolls of enchant weapon
 n - 7 scrolls of identify
 q - a scroll of recharging
 r - 2 scrolls of enchant armour
 s - 4 scrolls of remove curse
 t - 2 scrolls of blinking
 w - 2 scrolls of amnesia
 y - 5 scrolls of fog
 G - 5 scrolls of teleportation
 M - 2 scrolls of magic mapping
 Y - a scroll of brand weapon
Potions
 d - a potion of magic
 i - 3 potions of curing
 l - a potion of haste
 u - a potion of resistance
 v - a potion of flight
 z - a potion of lignification
 N - 4 potions of agility
 S - a potion of ambrosia
 U - 2 potions of might
Books
 g - a Young Poisoner's Handbook

   Spells                             Type                      Level
   a - Sting                          Conjuration/Poison           1
   b - Cure Poison                    Poison                       2
   c - Mephitic Cloud                 Conjuration/Poison/Air       3
   d - Olgreb's Toxic Radiance        Poison                       4
   e - Venom Bolt                     Conjuration/Poison           5
 Q - the Compendium of Stones
   (You found it in a labyrinth)

   Spells                             Type                      Level
   a - Passwall                       Transmutation/Earth          2
   b - Stone Arrow                    Conjuration/Earth            3
   c - Leda's Liquefaction            Hexes/Earth                  4
   d - Petrify                        Transmutation/Earth          4
   e - Iron Shot                      Conjuration/Earth            6
   f - Statue Form                    Transmutation/Earth          6
Miscellaneous
 p - a lamp of fire
Comestibles
 c - 8 bread rations
 h - 4 slices of pizza
 L - 5 meat rations


   Skills:
 - Level 7.0 Fighting
 - Level 16.0 Axes
 * Level 10.0 Armour
 - Level 1.5 Dodging
 - Level 1.5 Stealth
 * Level 12.7 Shields
 - Level 1.5 Spellcasting
 - Level 3.6 Poison Magic
 - Level 16.8 Invocations


You had 13 spell levels left.
You knew the following spells:

 Your Spells              Type           Power        Failure   Level  Hunger
a - Sting                 Conj/Pois      #...         45%         1    ##.....
b - Cure Poison           Pois           ##........   38%         2    ###....


Dungeon Overview and Level Annotations

Branches:
Dungeon (11/15)            Temple (0/1) D:7            Lair (8/8) D:10
  Swamp (0/4) Lair:5       Spider (0/4) Lair:4        Slime (0/6) Lair:6
    Orc: D:9-12

Altars:
Ashenzari
Cheibriados
Fedhas
Gozag
Makhleb
Nemelex Xobeh
Okawaru
Qazlal
Sif Muna
Trog
Yredelemnul

Shops:
D:4 [   D:7 *

Annotations:
D:5 exclusion: ice beast, execc's ghost, novice OpBe
D:6 exclusion: upstairs, Eustachio; Sigmund
Lair:6 exclusion: ice statue


Message History

You block the spiny frog's attack. The komodo dragon bites you!!
* * * LOW HITPOINT WARNING * * *
A crocodile comes into view.
You hit the sheep. You burn the sheep.
The sheep is heavily wounded.
You hit the spiny frog but do no damage.
The spiny frog is almost dead.
You barely miss the komodo dragon.
The komodo dragon is almost dead.
You block the spiny frog's attack. You block the sheep's attack.
You slash the sheep! You burn the sheep.
You kill the sheep!
Qazlal accepts your kill.
Your Armour skill increases to level 10!
You hit the komodo dragon. You burn the komodo dragon.
The komodo dragon is almost dead.
You hit the spiny frog but do no damage.
The spiny frog is almost dead.
The komodo dragon bites you!!
You die...

.................
.......(.t.....<.
........PPP......
........PP.P...##
........P.......#
......§..........
.....§§§§§......#
.....§l@F.†......
.....§.§.........
.....§...#.....P#
.......###.......
...#P.# #P....#
...... .P....
...... ......
#.P.. P.....


You could see a komodo dragon, a spiny frog and a crocodile.

Vanquished Creatures
  A minotaur (Lab)
  4 hydras
  Erica (Lair:2)
  7 death yaks
  Pikel (D:7)
  A wolf spider (Lair:4)
  2 griffons
  3 black mambas
  10 elephants
  Joseph (D:10)
  13 spiny frogs
  5 komodo dragons
  2 rime drakes (Lair:5)
  10 polar bears
  A troll (D:10)
  10 blink frogs
  8 centaurs
  A boulder beetle (Lair:7)
  2 spriggans (Lair:4)
  A wyvern (Lair:8)
  A wraith (D:10)
  34 yaks
  3 basilisks
  3 hippogriffs
  7 vampire mosquitoes (Lair:5)
  Duvessa (D:6)
  15 water moccasins
  10 porcupines
  3 sky beasts
  A black bear (Lair:4)
  An orc warrior (D:9)
  19 ice beasts
  2 necrophages (D:7)
  2 wasps
  34 wolves
  An ogre (D:9)
  The ghost of Chiseanne the Magician, an amateur DsWz (D:4)
  16 big kobolds
  16 crocodiles
  16 giant frogs
  Dowan (D:6)
  A scorpion (D:7)
  3 killer bees (D:7)
  A howler monkey (D:6)
  5 crimson imps
  A jelly (D:6)
  4 hounds
  3 orc priests
  2 giant frog skeletons
  5 orc wizards
  Ijyb (D:3)
  8 iguanas
  6 worker ants
  6 sheep (Lair:8)
  A hound skeleton (D:8)
  2 worker ant zombies
  Robin (D:3)
  A howler monkey zombie (D:10)
  9 gnolls
  15 adders
  92 river rats
  A shadow imp (D:7)
  An ooze (D:2)
  5 worms
  3 dart slugs
  6 giant geckos
  34 orcs
  2 ball pythons
  9 giant cockroaches
  19 goblins
  18 hobgoblins
  13 jackals
  31 kobolds
  2 quokkas
  10 bats
  A giant cockroach zombie (D:6)
  A giant gecko skeleton (D:7)
  3 giant newts
  A jackal zombie (D:5)
  A quokka zombie (D:8)
  9 rats
  28 fungi
  25 plants
661 creatures vanquished.

Vanquished Creatures (collateral kills)
  A hill giant (D:10)
  A basilisk (D:10)
  2 yaks (D:10)
  A hungry ghost (D:10)
  A water moccasin (D:10)
  A crocodile (D:10)
7 creatures vanquished.

Vanquished Creatures (others)
  A water moccasin (Lair:7)
  4 slaves (D:7)
  A killer bee (D:7)
  A shadow imp (D:7)
  An orc (D:7)
  14 fungi
  8 plants
30 creatures vanquished.

Grand Total: 698 creatures vanquished

Notes
Turn   | Place    | Note
--------------------------------------------------------------
     0 | D:1      | Ratboiler the Hill Orc Venom Mage began the quest for the Orb.
     0 | D:1      | Reached XP level 1. HP: 14/14 MP: 3/3
   106 | D:1      | Reached skill level 1 in Fighting
   179 | D:1      | Reached XP level 2. HP: 20/24 MP: 0/4
   228 | D:1      | Learned a level 2 spell: Cure Poison
   721 | D:1      | Reached XP level 3. HP: 28/31 MP: 0/5
   955 | D:2      | Found a blossoming altar of Fedhas.
  1500 | D:2      | Reached XP level 4. HP: 31/40 MP: 3/6
  1676 | D:2      | Found a snail-covered altar of Cheibriados.
  2059 | D:3      | Noticed Ijyb
  2073 | D:3      | Killed Ijyb
  2073 | D:3      | Reached skill level 5 in Fighting
  2355 | D:3      | Reached XP level 5. HP: 39/48 MP: 7/7
  2747 | D:3      | Found a bloodstained altar of Trog.
  2750 | D:3      | Noticed Robin
  2843 | D:3      | Killed Robin
  2991 | D:3      | Found an opulent altar of Gozag.
  3045 | D:3      | Found a sparkling altar of Nemelex Xobeh.
  3366 | D:4      | Reached XP level 6. HP: 43/58 MP: 8/8
  3468 | D:4      | Gained mutation: You have sharp fingernails. [potion of beneficial mutation]
  3532 | D:4      | Found a stormy altar of Qazlal.
  3535 | D:4      | Became a worshipper of Qazlal Stormbringer
  3571 | D:4      | Reached skill level 1 in Invocations
  3602 | D:4      | Found Haler's Armour Emporium.
  3654 | D:4      | Noticed Chiseanne's ghost (amateur DsWz)
  4009 | D:4      | Reached skill level 1 in Axes
  4170 | D:5      | Entered Level 5 of the Dungeon
  4251 | D:5      | Noticed execc's ghost (novice OpBe)
  4346 | D:5      | Found a deep blue altar of Sif Muna.
  4370 | D:5      | Noticed an ice beast
  4484 | D:6      | Noticed Duvessa
  4496 | D:6      | Noticed Sigmund
  4556 | D:6      | Reached * piety under Qazlal
  4562 | D:6      | Noticed Eustachio
  4656 | D:4      | Killed Chiseanne's ghost
  4656 | D:4      | Reached XP level 7. HP: 33/66 MP: 9/9
  5052 | D:6      | Killed Duvessa
  5076 | D:6      | Noticed Dowan
  5103 | D:6      | Killed Dowan
  5103 | D:6      | Reached skill level 5 in Invocations
  5359 | D:6      | Reached skill level 5 in Axes
  5492 | D:6      | Reached XP level 8. HP: 73/73 MP: 12/12
  5881 | D:7      | Found Diefrewo's Assorted Antiques.
  5899 | D:7      | Found an iron altar of Okawaru.
  5912 | D:7      | Noticed Pikel
  5936 | D:7      | Killed Pikel
  6324 | D:7      | Reached XP level 9. HP: 45/79 MP: 15/15
  6784 | D:7      | Found a burning altar of Makhleb.
  7039 | D:7      | Reached skill level 10 in Invocations
  7069 | D:7      | Reached ** piety under Qazlal
  7221 | D:7      | Found a staircase to the Ecumenical Temple.
  7382 | D:7      | Got a pair of scorched gloves
  7388 | D:7      | Identified the +0 pair of gloves of Valiance {Dex+2} (You found it on level 7 of the Dungeon)
  7558 | D:7      | Reached skill level 10 in Axes
  8418 | D:8      | Reached *** piety under Qazlal
  8485 | D:8      | Reached XP level 10. HP: 48/85 MP: 18/18
  8971 | D:8      | Found a shattered altar of Ashenzari.
  9546 | D:9      | Found a shattered altar of Ashenzari.
  9645 | D:9      | Reached **** piety under Qazlal
  9944 | D:9      | Gained mutation: You have sharp toenails. [mutagenic meat]
  9945 | D:9      | Gained mutation: You regenerate slowly when monsters are visible. [mutagenic meat]
  9946 | D:9      | Gained mutation: Your spells are a little easier to cast, but a little less powerful. [mutagenic meat]
  9947 | D:9      | Gained mutation: You have an increased reservoir of magic (+10% MP). [mutagenic meat]
  9949 | D:9      | Lost mutation: Your spells are a little easier to cast, but a little less powerful. [potion of cure mutation]
  9949 | D:9      | Lost mutation: You have sharp toenails. [potion of cure mutation]
  9950 | D:9      | Lost mutation: You regenerate slowly when monsters are visible. [potion of cure mutation]
  9950 | D:9      | Lost mutation: You have sharp fingernails. [potion of cure mutation]
  9950 | D:9      | Lost mutation: You have an increased reservoir of magic (+10% MP). [potion of cure mutation]
 10119 | D:10     | Entered Level 10 of the Dungeon
 10149 | D:10     | Noticed a hill giant
 10155 | D:10     | Killed a hill giant
 10179 | D:10     | Noticed Joseph
 10268 | D:11     | Noticed a gargoyle
 10819 | D:10     | Reached XP level 11. HP: 76/91 MP: 13/21
 11592 | D:10     | Killed Joseph
 11817 | D:10     | Found a staircase to the Lair.
 12012 | D:10     | Noticed a hill giant
 12067 | Lair:1   | Entered Level 1 of the Lair of Beasts
 12076 | Lair:1   | Found a labyrinth entrance.
 12119 | Lair:1   | Found a frozen archway.
 12123 | Lab      | Entered a labyrinth
 12426 | Lab      | Noticed a minotaur
 12448 | Lab      | Killed a minotaur
 12468 | Lab      | Identified the Compendium of Stones
 12565 | IceCv    | Entered an ice cave
 12905 | IceCv    | Noticed a death yak
 13087 | IceCv    | Reached skill level 15 in Invocations
 13155 | IceCv    | Reached skill level 15 in Axes
 13406 | IceCv    | Reached skill level 1 in Armour
 13406 | IceCv    | Reached skill level 1 in Shields
 13604 | IceCv    | Killed a death yak
 13619 | IceCv    | Reached XP level 12. HP: 52/100 MP: 23/23
 13927 | IceCv    | Noticed a frost giant
 15092 | Lair:2   | Noticed Erica
 15114 | Lair:2   | Killed Erica
 16045 | Lair:3   | Reached skill level 5 in Shields
 17466 | Lair:4   | Found a hole to the Spider Nest.
 17608 | Lair:4   | Found a basalt altar of Yredelemnul.
 17694 | Lair:4   | Reached XP level 13. HP: 102/105 MP: 25/25
 17773 | Lair:4   | Reached ***** piety under Qazlal
 18696 | Lair:5   | Found a staircase to the Swamp.
 19277 | Lair:6   | Reached skill level 10 in Shields
 19294 | Lair:6   | Reached skill level 5 in Armour
 20376 | Lair:6   | Found a staircase to the Slime Pits.
 21104 | Lair:7   | Reached XP level 14. HP: 97/113 MP: 26/26
 21669 | Lair:7   | Reached ****** piety under Qazlal
 22248 | Lair:8   | Entered Level 8 of the Lair of Beasts
 22303 | Lair:8   | Reached skill level 10 in Armour
 22303 | Lair:8   | Mangled by a komodo dragon

Skill      XL: |  1  2  3  4  5  6  7  8  9 10 11 12 13 14 |
---------------+-------------------------------------------+-----
Fighting       | 1 3 4 5 6 7 |  7.0
Invocations    | 3 5 8 11 13 15 16 | 16.8
Axes           | 2 5 8 11 13 15 16 | 16.0
Armour         | 2 8 10 | 10.0
Shields        | 2 8 11 12 | 12.7
Dodging        | |  1.5
Stealth        | |  1.5
Spellcasting   | |  1.5
Poison Magic   | |  3.6

Action                   |  1- 3 |  4- 6 |  7- 9 | 10-12 | 13-15 || total
-------------------------+-------+-------+-------+-------+-------++-------
Melee: Spear             |    68 |    56 |       |       |       ||   124
       Unarmed           |     1 |       |       |       |       ||     1
       Club              |       |   178 |   411 |   620 |       ||  1209
       War axe           |       |       |       |   463 |   622 ||  1085
Throw: Tomahawk          |     8 |       |     4 |       |       ||    12
 Cast: Sting             |    45 |    25 |       |       |       ||    70
       Cure Poison       |       |     1 |       |       |       ||     1
Invok: Elemental Force   |       |       |       |     3 |       ||     3
       Upheaval          |       |       |       |    15 |       ||    15
Evoke: Wand              |       |     2 |     1 |    11 |     1 ||    15
  Use: Scroll            |     2 |     6 |     4 |    23 |     2 ||    37
       Potion            |       |     1 |     5 |    13 |       ||    19
 Stab: Sleeping          |     2 |     7 |       |       |       ||     9
  Eat: Chunk             |     3 |    10 |     2 |    15 |     2 ||    32
       Beef jerky        |       |     1 |     2 |     1 |     2 ||     6
       Royal jelly       |       |       |     1 |       |       ||     1
       Pizza             |       |       |     1 |       |       ||     1
       Fruit             |       |       |     1 |     7 |     3 ||    11
       Bread ration      |       |       |     1 |     2 |     1 ||     4
       Meat ration       |       |       |       |     1 |     1 ||     2
Armor: Robe              |    12 |    18 |       |       |       ||    30
       Ring mail         |       |    45 |   129 |    54 |       ||   228
       Scale mail        |       |       |       |   256 |   144 ||   400
Dodge: Dodged            |    41 |   126 |    86 |   214 |   112 ||   579
       Deflected         |       |       |       |     3 |       ||     3
Block: Shield            |       |    28 |   237 |   719 |   578 ||  1562
